 Dungeon Crawl Stone Soup version 0.23.2-33-g5129a83184 (webtiles) character file.

Game seed: 6957804105463269267

1103 doot the Chiller (level 8, -3/81 HPs)
             Began as a Barachi Ice Elementalist on June 27, 2019.
             Was an Initiate of Vehumet.
             Slain by an orc warrior
             ... wielding a +0 dire flail
              (6 damage)
             ... on level 9 of the Dungeon.
             The game lasted 00:21:48 (5985 turns).

doot the Chiller (Barachi Ice Elementalist)         Turns: 5985, Time: 00:21:48

Health: -3/81      AC: 24    Str:  8 (10) XL:     8   Next: 32%
Magic:  6/16       EV:  2    Int: 19 (22) God:    Vehumet [......]
Gold:   271        SH:  0    Dex: 17 (18) Spells: 1/18 levels left

rFire    . . .     SeeInvis .   a - +1 spear (flame)
rCold    . . .     Gourm    .   (no shield)
rNeg     + + +     Faith    .   (armour currently unavailable)
rPois    +         Spirit   .   (helmet currently unavailable)
rElec    .         Reflect  .   (cloak currently unavailable)
rCorr    .         Harm     .   (gloves currently unavailable)
MR       +....     NoTele   +   (boots currently unavailable)
Stlth    +++.......             t - amulet of rage
HPRegen  0.23/turn              x - +2 ring of evasion
MPRegen  0.15/turn              (no ring)

@: brilliant, agile, lethally poisoned (-3 -> -4), tree-form, very slightly
contaminated
A: +LOS, swims, magic resistance 1, sense surroundings 1, MP-powered wands
a: Renounce Religion, Evoke Berserk Rage


You were on level 9 of the Dungeon.
You worshipped Vehumet.
Vehumet was noncommittal.
You were not hungry.
You were a tree.
You visited 2 branches of the dungeon, and saw 8 of its levels.

You collected 271 gold pieces.

Inventory:

Hand Weapons
 a - a +1 spear of flaming (weapon)
 b - a +0 blowgun
 f - a +0 club
 u - a +0 short sword
 w - a cursed -2 dagger
Missiles
 q - 13 poisoned needles
Armour
 i - a +0 robe
 r - a +1 cloak (melded)
 y - a +2 robe (melded)
Magical Staves
 v - an uncursed staff of air
Jewellery
 t - an amulet of rage (around neck)
 x - a +2 ring of evasion (left branch)
Wands
 D - a wand of polymorph (6)
Scrolls
 e - a scroll of remove curse
 g - 4 scrolls of identify
Potions
 k - 2 potions of resistance
 l - 2 potions of brilliance
 o - a potion of lignification
Comestibles
 c - 6 rations


   Skills:
 + Level 1.5 Fighting
 + Level 0.2 Short Blades
 + Level 2.0 Polearms
 + Level 1.7 Throwing
 + Level 4.8 Dodging
 + Level 2.5 Stealth
 + Level 5.6 Spellcasting
 + Level 1.9 Conjurations
 + Level 1.0 Summonings
 + Level 7.1 Ice Magic


You had one spell level left.
You knew the following spells:

 Your Spells              Type           Power        Failure   Level  Hunger
a - Freeze                Ice            ####         1%          1    None
b - Throw Frost           Conj/Ice       ####..       1%          2    None
c - Ozocubu's Armour      Chrm/Ice       ####....     1%          3    ##.....
d - Summon Ice Beast      Ice/Summ       ####....     2%          4    ####...
e - Confuse               Hex            ###.....     4%          3    ##.....
f - Throw Icicle          Conj/Ice       ####....     2%          4    ####...

Your spell library contained the following spells:

 Spells                   Type           Power        Failure   Level  Hunger
 Animate Skeleton         Necr           N/A          1%          1    None
 Apportation              Tloc           ###...       1%          1    None
 Confusing Touch          Hex            ###...       1%          1    None
 Summon Small Mammal      Summ           ###.         1%          1    None
 Gell's Gravitas          Tloc           ###.......   4%          3    ##.....
 Metabolic Englaciation   Hex/Ice        ####......   9%          5    #####..
 Petrify                  Tmut/Erth      ###.....     13%         4    ####...
 Yara's Violent Unravell  Hex/Tmut       ###.......   30%         5    #####..


Dungeon Overview and Level Annotations

Branches:
Dungeon (6/15)             Temple (1/1) D:5

Altars:
Cheibriados
Elyvilon
Fedhas
Gozag
Kikubaaqudgha
Makhleb
Nemelex Xobeh
Okawaru
Qazlal
Sif Muna
Uskayaw
Vehumet
Wu Jian
Xom
Zin
The Shining One


Innate Abilities, Weirdness & Mutations

Shadows flee at your approach. (+LOS)
You can swim through water.
((You cover ground slowly.))
((You can hop short distances.))
You are resistant to hostile enchantments. (MR+)
You passively map a small area around you.
You expend magic power (3 MP) to strengthen your wands.


Message History

The orc hits you but does no damage. The orc barely misses you.
The orc warrior hits you but does no damage.
The orc hits you with a +0 falchion.
* * * LOW HITPOINT WARNING * * *
Unknown command.
You closely miss the orc.
You feel sick. The orc hits you but does no damage. x2
The orc warrior hits you but does no damage.
The orc hits you but does no damage.
You hit the orc. You burn the orc.
You kill the orc!
Vehumet accepts your kill. The orc hits you but does no damage.
The orc warrior hits you with a +0 dire flail.
* * * LOW HITPOINT WARNING * * *
Unknown command.
You hit the orc warrior but do no damage.
The orc warrior is severely wounded.
You feel sick. The orc hits you but does no damage. x2
The orc warrior hits you with a +0 dire flail.
You die...

##########
####...#.#..#
###o♣#........###
#..oo)..........#
##(...........#.###
#.......[....._..###
##.......†...#.#..##
##...............#.
#...............†.
#...%....(.........
#........##....(...


You could see an orc warrior and 2 orcs.

Vanquished Creatures
  An ogre (D:3)
  A centaur (D:5)
  A scorpion (D:5)
  3 killer bees (D:9)
  2 howler monkeys (D:3)
  2 crimson imps
  A hound (D:4)
  A gnoll shaman (D:4)
  A centaur skeleton (D:5)
  An orc wizard (D:5)
  3 worker ants
  A hound skeleton (D:4)
  5 gnolls (D:4)
  8 adders
  A shadow imp (D:5)
  An ufetubus (D:9)
  4 oozes
  An adder skeleton (D:5)
  An adder zombie (D:5)
  2 worms
  2 dart slugs
  2 leopard geckos (D:5)
  24 orcs
  A giant cockroach (D:1)
  12 goblins
  6 hobgoblins
  3 jackals
  A ball python skeleton (D:5)
  7 bats
  8 frilled lizards
  A jackal skeleton (D:4)
  A jackal zombie (D:5)
  7 kobolds
  A leopard gecko skeleton (D:6)
  A leopard gecko zombie (D:5)
  10 rats
128 creatures vanquished.

Vanquished Creatures (collateral kills)
  An ogre (D:4)
  Blork the orc (D:5)
  An iguana (D:9)
  An adder (D:5)
  An orc (D:9)
  A jackal (D:9)
6 creatures vanquished.

Grand Total: 134 creatures vanquished

Notes
Turn   | Place    | Note
-------+----------+-------------------------------------------
     0 | D:1      | doot the Barachi Ice Elementalist began the quest for the
                  | Orb.
     0 | D:1      | Reached XP level 1. HP: 13/13 MP: 3/3
   186 | D:1      | Reached skill level 4 in Ice Magic
   198 | D:1      | Reached XP level 2. HP: 19/19 MP: 0/5
   255 | D:1      | Learned a level 2 spell: Throw Frost
   608 | D:1      | Reached XP level 3. HP: 13/24 MP: 0/6
   892 | D:1      | Learned a level 3 spell: Ozocubu's Armour
  1860 | D:2      | Reached XP level 4. HP: 30/30 MP: 6/8
  1971 | D:2      | Found a faded altar of an unknown god.
  2127 | D:2      | Reached skill level 5 in Ice Magic
  2533 | D:3      | Reached XP level 5. HP: 33/35 MP: 5/10
  2583 | D:3      | Learned a level 4 spell: Summon Ice Beast
  2795 | D:3      | Noticed an ogre
  2818 | D:3      | Killed an ogre
  2818 | D:3      | Reached XP level 6. HP: 14/41 MP: 0/12
  3437 | D:4      | Learned a level 3 spell: Confuse
  3470 | D:4      | Reached skill level 6 in Ice Magic
  4426 | D:4      | Reached skill level 1 in Fighting
  4510 | D:4      | Reached skill level 1 in Throwing
  4660 | D:4      | Reached skill level 5 in Spellcasting
  4660 | D:4      | Reached XP level 7. HP: 48/48 MP: 11/14
  4790 | D:4      | Found a hide-covered altar of Uskayaw.
  4892 | D:5      | Entered Level 5 of the Dungeon
  4992 | D:5      | Found a staircase to the Ecumenical Temple.
  5001 | Temple   | Entered the Ecumenical Temple
  5010 | Temple   | Became a worshipper of Vehumet
  5213 | D:5      | Reached skill level 1 in Polearms
  5386 | D:5      | Noticed Blork the orc
  5393 | D:5      | Learned a level 4 spell: Throw Icicle
  5406 | D:5      | Killed Blork the orc
  5484 | D:4      | Reached XP level 8. HP: 37/54 MP: 0/16
  5888 | D:6      | You fall through a shaft for 3 floors!
  5888 | D:9      | Found a burning altar of Makhleb.
  5908 | D:9      | Reached skill level 1 in Summonings
  5947 | D:9      | Gained mutation: You are resistant to hostile enchantments.
                  | (MR+) [potion of mutation]
  5947 | D:9      | Gained mutation: You passively map a small area around you.
                  | [potion of mutation]
  5947 | D:9      | Gained mutation: You expend magic power (3 MP) to
                  | strengthen your wands. [potion of mutation]
  5957 | D:9      | Reached skill level 7 in Ice Magic
  5984 | D:9      | HP: 4/81 [orc warrior/+0 dire flail (5)]
  5985 | D:9      | Slain by an orc warrior

Skill      XL: |  1  2  3  4  5  6  7  8 |
---------------+-------------------------+-----
Ice Magic      | 4 5 6 7 |  7.1
Spellcasting   | 3 4 5 |  5.6
Stealth        | 2 |  2.5
Fighting       | 1 |  1.5
Throwing       | 1 |  1.7
Polearms       | 1 2 |  2.0
Dodging        | 3 4 |  4.8
Summonings     | 1 |  1.0
Short Blades   | |  0.2
Conjurations   | |  1.9

Action                   |  1- 3 |  4- 6 |  7- 9 || total
-------------------------+-------+-------+-------++-------
Melee: Unarmed           |     1 |       |       ||     1
       Club              |     9 |       |       ||     9
       Short sword       |       |     7 |     1 ||     8
       Spear             |       |       |    63 ||    63
 Fire: Blowgun           |       |    29 |    35 ||    64
 Cast: Freeze            |    41 |    89 |    43 ||   173
       Throw Frost       |    17 |    29 |    13 ||    59
       Summon Ice Beast  |       |     2 |     3 ||     5
       Confuse           |       |       |     1 ||     1
Evoke: Wand              |       |       |     3 ||     3
  Use: Potion            |       |       |    12 ||    12
       Scroll            |       |       |     6 ||     6
  Eat: Chunk             |     5 |     7 |     3 ||    15
       Ration            |       |     1 |     1 ||     2
Armor: Robe              |     7 |    12 |    20 ||    39
       Skin              |       |       |   140 ||   140
Dodge: Dodged            |    41 |    54 |   142 ||   237
